Thrashers vs Lightning

Created - December 16 2007 at 12:48

Goals
1 2 3 T
Thrashers 0 1 0 1
Lightning 0 0 0 0
Shots
1 2 3 T
Thrashers 3 7 3 13
Lightning 13 12 11 36

Period #1

No Goal

Penalties :
Keith Tkachuk (ATL) for Roughing (Minor) at 4:37, Mike Komisarek (ATL) for Holding (Minor) at 10:51, Nolan Pratt (TBL) for Hooking (Minor) at 14:17

Period #2

1. Thrashers , Greg De Vries 2 (Radek Martinek, Patrick Eaves) at 6:40

Penalties :
Brett Clark (ATL) for Hooking (Minor) at 6:56, Brett Clark (ATL) for Hooking (Minor) at 18:25

Period #3

No Goal

Penalties :
Travis Moen (ATL) for Holding (Minor) at 5:55, Dan Boyle (ATL) for High sticking (Minor) at 18:18, Mike Komisarek (ATL) for Tripping (Minor) at 18:29

Goalie Stats

Henrik Lundqvist (ATL), 36 saves from 36 shots - (1.000), W, 28-9-3, 60:00 minutes
Martin Gerber (TBL), 12 saves from 13 shots - (0.923), L, 18-14-6, 59:05 minutes

Players Stats

Thrashers
Player Name              G  A  P  +/- PIM S  H  SB FO MP 
-----------------------------------------------------------
Alexander Frolov         0  0  0   0  0   1  0  0  5  21 
Andy Sutton              0  0  0   0  0   0  1  0  0  5  
Brendan Shanahan         0  0  0   0  0   1  1  0  1  18 
Brett Clark              0  0  0   0  4   0  5  1  0  19 
Chris Kelly              0  0  0   0  0   1  3  0  16 14 
Dan Boyle                0  0  0   0  2   0  3  0  0  18 
Dany Heatley             0  0  0   0  0   3  1  0  3  19 
David Backes             0  0  0   1  0   0  1  0  2  17 
Greg De Vries            1  0  1   1  0   1  1  2  0  15 
Jay Mcclement            0  0  0   1  0   3  1  0  22 17 
Justin Williams          0  0  0   0  0   0  2  0  0  19 
Keith Tkachuk            0  0  0   0  2   2  3  0  15 19 
Mike Komisarek           0  0  0   0  4   0  4  3  0  24 
Patrick Eaves            0  1  1   1  0   0  3  0  0  10 
Patrick Marleau          0  0  0   0  0   1  1  0  21 19 
Radek Martinek           0  1  1   1  0   0  1  2  0  18 
Travis Moen              0  0  0   0  2   0  2  1  0  8  
Wade Redden              0  0  0   0  0   0  0  2  0  21 
Lightning
Player Name              G  A  P  +/- PIM S  H  SB FO MP 
-----------------------------------------------------------
Antti Laaksonen          0  0  0   0  0   0  2  0  3  22 
Carlo Colaiacovo         0  0  0   0  0   1  0  1  0  17 
Chris Phillips           0  0  0  -1  0   3  1  0  0  23 
Cory Sarich              0  0  0   0  0   2  2  0  0  20 
Dimitry Afanasenkov      0  0  0   0  0   0  0  0  0  5  
Eric Lindros             0  0  0   0  0   0  0  0  0  7  
Jaromir Jagr             0  0  0  -1  0   5  2  0  3  24 
Jason Blake              0  0  0   0  0   2  0  0  1  23 
Jay Pandolfo             0  0  0   0  0   1  0  1  2  14 
Mats Sundin              0  0  0  -1  0   7  0  1  26 24 
Nolan Pratt              0  0  0  -1  2   1  1  1  0  17 
Pierre Turgeon           0  0  0   0  0   0  0  0  2  3  
Ruslan Fedotenko         0  0  0   0  0   1  2  0  1  13 
Tim Taylor               0  0  0   0  0   0  0  0  13 19 
Tom Poti                 0  0  0   0  0   1  0  0  0  24 
Vaclav Prospal           0  0  0  -1  0   5  2  0  2  18 
Vincent Lecavalier       0  0  0   0  0   7  0  0  32 23 
Willie Mitchell          0  0  0   0  0   0  0  0  0  20 

3 Stars

1 - Henrik Lundqvist (ATL)
2 - Greg De Vries (ATL)
3 - Patrick Eaves (ATL)

Power Play

Thrashers - 0 on 1 Attempt(s) - 0.00%
Lightning - 0 on 7 Attempt(s) - 0.00%

Penalty Kill

Thrashers - 7 on 7 Attempt(s) - 100.00% - Score 0 goal in Penalty Kill
Lightning - 1 on 1 Attempt(s) - 100.00% - Score 0 goal in Penalty Kill

Game Notes

No Game Note

Finance

Level 1 -- Attendance: 4361 (72.69%) -- Ticket Income $436,100.00
Level 2 -- Attendance: 3607 (72.15%) -- Ticket Income $216,420.00
Level 3 -- Attendance: 1254 (62.70%) -- Ticket Income $50,160.00
Level 4 -- Attendance: 1678 (41.95%) -- Ticket Income $58,730.00
Luxury Box -- Attendance: 467 (46.74%) -- Ticket Income $140,100.00
Game was played at the St. Pete Times Forum
Total Attendance: 11367 (57.53%)
Total Ticket Income: $903,404.20
Other Income: $159,953.10
Total Income: $1,063,357.00


Play by Play

Period #1

0:01 of 1st period - Patrick Marleau wins face-off versus Antti Laaksonen in neutral zone.
0:17 of 1st period - Icing by Willie Mitchell.
0:18 of 1st period - Vincent Lecavalier wins face-off versus Keith Tkachuk in Lightning zone.
0:27 of 1st period - Shot by Vincent Lecavalier.
0:27 of 1st period - Stopped by Henrik Lundqvist without a rebound.
0:28 of 1st period - Mats Sundin wins face-off versus Jay Mcclement in Thrashers zone.
0:57 of 1st period - Shot by Mats Sundin.
0:57 of 1st period - Stopped by Henrik Lundqvist without a rebound.
0:58 of 1st period - Tim Taylor wins face-off versus Patrick Marleau in Thrashers zone.
1:09 of 1st period - Shot by Justin Williams.
1:09 of 1st period - Shot Blocked by Jay Pandolfo.
1:11 of 1st period - Shot by Dany Heatley.
1:11 of 1st period - Shot Blocked by Carlo Colaiacovo.
1:15 of 1st period - Shot by Dany Heatley.
1:15 of 1st period - Stopped by Martin Gerber without a rebound.
1:16 of 1st period - Keith Tkachuk wins face-off versus Vincent Lecavalier in Lightning zone.
2:20 of 1st period - Off-side.
2:21 of 1st period - Jay Mcclement wins face-off versus Jay Pandolfo in neutral zone.
2:29 of 1st period - Icing by Cory Sarich.
2:30 of 1st period - Patrick Marleau wins face-off versus Tim Taylor in Lightning zone.
2:32 of 1st period - Dany Heatley is hit by Cory Sarich and loses puck.
2:58 of 1st period - Cory Sarich is hit by Dany Heatley and loses puck.
3:05 of 1st period - Carlo Colaiacovo is hit by Justin Williams and loses puck.
3:56 of 1st period - Shot by Mats Sundin.
3:56 of 1st period - Stopped by Henrik Lundqvist without a rebound.
3:57 of 1st period - Vincent Lecavalier wins face-off versus Keith Tkachuk in Thrashers zone.
3:57 of 1st period - Jason Blake is hit by Brett Clark and loses puck.
4:15 of 1st period - Vincent Lecavalier is hit by Dan Boyle and loses puck.
4:25 of 1st period - Jason Blake is hit by Brett Clark and loses puck.
4:37 of 1st period - Minor Penalty to Keith Tkachuk for Roughing.
4:38 of 1st period - Mats Sundin wins face-off versus Chris Kelly in neutral zone.
4:55 of 1st period - Shot by Jaromir Jagr.
4:55 of 1st period - Shot Misses the Net.
4:57 of 1st period - Shot by Chris Phillips.
4:57 of 1st period - Shot Misses the Net.
4:59 of 1st period - Shot by Vaclav Prospal.
4:59 of 1st period - Shot Blocked by Travis Moen.
5:01 of 1st period - Shot by Carlo Colaiacovo.
5:01 of 1st period - Deflect By Jaromir Jagr.
5:01 of 1st period - Shot Blocked by Radek Martinek.
5:03 of 1st period - Shot by Chris Phillips.
5:03 of 1st period - Shot Blocked by Mike Komisarek.
5:05 of 1st period - Shot by Vaclav Prospal.
5:05 of 1st period - Stopped by Henrik Lundqvist without a rebound.
5:06 of 1st period - Vincent Lecavalier wins face-off versus Jay Mcclement in Thrashers zone.
6:43 of 1st period - Shot by Mats Sundin.
6:43 of 1st period - Stopped by Henrik Lundqvist without a rebound.
6:44 of 1st period - Tim Taylor wins face-off versus Patrick Marleau in Thrashers zone.
6:57 of 1st period - Shot by Jay Pandolfo.
6:57 of 1st period - Shot Blocked by Mike Komisarek.
6:59 of 1st period - Shot by Jay Pandolfo.
6:59 of 1st period - Stopped by Henrik Lundqvist without a rebound.
7:00 of 1st period - Mats Sundin wins face-off versus Jay Mcclement in Thrashers zone.
7:10 of 1st period - Mats Sundin is hit by Radek Martinek and loses puck.
7:21 of 1st period - Shot by Jaromir Jagr.
7:21 of 1st period - Deflect By Mats Sundin.
7:21 of 1st period - Stopped by Henrik Lundqvist without a rebound.
7:22 of 1st period - Vincent Lecavalier wins face-off versus Chris Kelly in Thrashers zone.
7:43 of 1st period - Shot by Vincent Lecavalier.
7:43 of 1st period - Shot Misses the Net.
8:31 of 1st period - Jay Pandolfo is hit by Patrick Eaves and loses puck.
9:25 of 1st period - Icing by Chris Phillips.
9:26 of 1st period - Patrick Marleau wins face-off versus Vaclav Prospal in Lightning zone.
9:30 of 1st period - Icing by Chris Phillips.
9:31 of 1st period - Keith Tkachuk wins face-off versus Mats Sundin in Lightning zone.
10:14 of 1st period - Shot by Vincent Lecavalier.
10:14 of 1st period - Stopped by Henrik Lundqvist without a rebound.
10:15 of 1st period - Tim Taylor wins face-off versus Patrick Marleau in Thrashers zone.
10:24 of 1st period - Shot by Ruslan Fedotenko.
10:24 of 1st period - Shot Blocked by Wade Redden.
10:28 of 1st period - Shot by Cory Sarich.
10:28 of 1st period - Stopped by Henrik Lundqvist without a rebound.
10:29 of 1st period - Patrick Marleau wins face-off versus Vincent Lecavalier in Thrashers zone.
10:51 of 1st period - Minor Penalty to Mike Komisarek for Holding.
10:52 of 1st period - Vincent Lecavalier wins face-off versus Jay Mcclement in Thrashers zone.
10:53 of 1st period - Shot by Tom Poti.
10:53 of 1st period - Stopped by Henrik Lundqvist without a rebound.
10:54 of 1st period - Brendan Shanahan wins face-off versus Mats Sundin in Thrashers zone.
11:06 of 1st period - Off-side.
11:07 of 1st period - Jay Mcclement wins face-off versus Vincent Lecavalier in neutral zone.
11:07 of 1st period - Jay Mcclement is hit by Antti Laaksonen.
11:17 of 1st period - Shot by Vincent Lecavalier.
11:17 of 1st period - Stopped by Henrik Lundqvist without a rebound.
11:18 of 1st period - Mats Sundin wins face-off versus Jay Mcclement in Thrashers zone.
11:23 of 1st period - Shot by Chris Phillips.
11:23 of 1st period - Stopped by Henrik Lundqvist with a rebound.
12:08 of 1st period - Greg De Vries is hit by Antti Laaksonen and loses puck.
12:44 of 1st period - Shot by Jay Mcclement.
12:44 of 1st period - Stopped by Martin Gerber without a rebound.
12:45 of 1st period - Mats Sundin wins face-off versus Chris Kelly in Lightning zone.
12:51 of 1st period - Off-side.
12:52 of 1st period - Patrick Marleau wins face-off versus Ruslan Fedotenko in neutral zone.
12:57 of 1st period - Cory Sarich is hit by Patrick Marleau and loses puck.
13:02 of 1st period - Shot by Dany Heatley.
13:02 of 1st period - Stopped by Martin Gerber without a rebound.
13:03 of 1st period - Mats Sundin wins face-off versus Jay Mcclement in Lightning zone.
13:03 of 1st period - Mats Sundin is hit by Patrick Eaves.
13:06 of 1st period - Icing by Jaromir Jagr.
13:07 of 1st period - Chris Kelly wins face-off versus Mats Sundin in Lightning zone.
13:10 of 1st period - Shot by Justin Williams.
13:10 of 1st period - Shot Misses the Net.
13:15 of 1st period - Off-side.
13:16 of 1st period - Tim Taylor wins face-off versus Alexander Frolov in neutral zone.
13:19 of 1st period - Dan Boyle is hit by Ruslan Fedotenko and loses puck.
13:39 of 1st period - Icing by Brendan Shanahan.
13:40 of 1st period - Vaclav Prospal wins face-off versus Keith Tkachuk in Thrashers zone.
13:40 of 1st period - Jaromir Jagr is hit by Dan Boyle.
14:17 of 1st period - Minor Penalty to Nolan Pratt for Hooking.
14:18 of 1st period - Patrick Marleau wins face-off versus Tim Taylor in Lightning zone.
16:01 of 1st period - Shot by Patrick Marleau.
16:01 of 1st period - Shot Misses the Net.
16:08 of 1st period - Icing by Dany Heatley.
16:09 of 1st period - Antti Laaksonen wins face-off versus Patrick Marleau in Thrashers zone.
16:46 of 1st period - Shot by Mats Sundin.
16:46 of 1st period - Shot Misses the Net.
16:56 of 1st period - Nolan Pratt is hit by Jay Mcclement and loses puck.
17:45 of 1st period - Ruslan Fedotenko is hit by Keith Tkachuk and loses puck.
17:52 of 1st period - Shot by Carlo Colaiacovo.
17:52 of 1st period - Stopped by Henrik Lundqvist without a rebound.
17:53 of 1st period - Chris Kelly wins face-off versus Vincent Lecavalier in Thrashers zone.
18:06 of 1st period - Shot by Vincent Lecavalier.
18:06 of 1st period - Shot Misses the Net.
18:10 of 1st period - Shot by Jason Blake.
18:10 of 1st period - Shot Blocked by Mike Komisarek.
18:32 of 1st period - Willie Mitchell is hit by Chris Kelly and loses puck.
18:57 of 1st period - Shot by Cory Sarich.
18:57 of 1st period - Shot Hit the Post.
19:20 of 1st period - Ruslan Fedotenko is hit by Greg De Vries and loses puck.

Period #2

0:01 of 2nd period - Patrick Marleau wins face-off versus Vincent Lecavalier in neutral zone.
0:10 of 2nd period - Shot by Patrick Marleau.
0:10 of 2nd period - Stopped by Martin Gerber without a rebound.
0:11 of 2nd period - Mats Sundin wins face-off versus Keith Tkachuk in Lightning zone.
0:38 of 2nd period - Off-side.
0:39 of 2nd period - Patrick Marleau wins face-off versus Vincent Lecavalier in neutral zone.
1:57 of 2nd period - Off-side.
1:58 of 2nd period - Mats Sundin wins face-off versus Jay Mcclement in neutral zone.
2:01 of 2nd period - Greg De Vries is hit by Vaclav Prospal and loses puck.
2:08 of 2nd period - Shot by Mats Sundin.
2:08 of 2nd period - Stopped by Henrik Lundqvist without a rebound.
2:09 of 2nd period - Alexander Frolov wins face-off versus Mats Sundin in Thrashers zone.
2:09 of 2nd period - Keith Tkachuk is hit by Vaclav Prospal and loses puck.
2:24 of 2nd period - Jaromir Jagr is hit by Keith Tkachuk and loses puck.
2:28 of 2nd period - Icing by Chris Phillips.
2:29 of 2nd period - Jay Mcclement wins face-off versus Mats Sundin in Lightning zone.
2:36 of 2nd period - Shot by Vaclav Prospal.
2:36 of 2nd period - Stopped by Henrik Lundqvist with a rebound.
2:44 of 2nd period - Shot by Jay Mcclement.
2:44 of 2nd period - Stopped by Martin Gerber without a rebound.
2:45 of 2nd period - Keith Tkachuk wins face-off versus Tim Taylor in Lightning zone.
2:45 of 2nd period - Keith Tkachuk is hit by Cory Sarich.
3:10 of 2nd period - Off-side.
3:11 of 2nd period - Vincent Lecavalier wins face-off versus Jay Mcclement in neutral zone.
5:30 of 2nd period - Shot by Jaromir Jagr.
5:30 of 2nd period - Stopped by Henrik Lundqvist with a rebound.
6:23 of 2nd period - Shot by Keith Tkachuk.
6:23 of 2nd period - Deflect By Alexander Frolov.
6:23 of 2nd period - Stopped by Martin Gerber without a rebound.
6:24 of 2nd period - Mats Sundin wins face-off versus Jay Mcclement in Lightning zone.
6:40 of 2nd period - Shot by Greg De Vries.
6:40 of 2nd period - Goal by Greg De Vries - Thrashers : 1 - Lightning : 0.
6:41 of 2nd period - Tim Taylor wins face-off versus Keith Tkachuk in neutral zone.
6:56 of 2nd period - Minor Penalty to Brett Clark for Hooking.
6:57 of 2nd period - Jay Mcclement wins face-off versus Mats Sundin in Thrashers zone.
8:24 of 2nd period - Shot by Jaromir Jagr.
8:24 of 2nd period - Stopped by Henrik Lundqvist with a rebound.
8:28 of 2nd period - Shot by Mats Sundin.
8:28 of 2nd period - Shot Misses the Net.
8:30 of 2nd period - Shot by Mats Sundin.
8:30 of 2nd period - Shot Blocked by Radek Martinek.
8:32 of 2nd period - Shot by Mats Sundin.
8:32 of 2nd period - Stopped by Henrik Lundqvist without a rebound.
8:33 of 2nd period - Jay Mcclement wins face-off versus Vincent Lecavalier in Thrashers zone.
9:06 of 2nd period - Shot by Dan Boyle.
9:06 of 2nd period - Shot Misses the Net.
9:10 of 2nd period - Shot by Dan Boyle.
9:10 of 2nd period - Shot Misses the Net.
9:18 of 2nd period - Alexander Frolov is hit by Ruslan Fedotenko and loses puck.
9:39 of 2nd period - Shot by Dany Heatley.
9:39 of 2nd period - Stopped by Martin Gerber without a rebound.
9:40 of 2nd period - Mats Sundin wins face-off versus Jay Mcclement in Lightning zone.
9:40 of 2nd period - Mats Sundin is hit by Patrick Eaves.
9:50 of 2nd period - Shot by Jaromir Jagr.
9:50 of 2nd period - Stopped by Henrik Lundqvist without a rebound.
9:51 of 2nd period - Dany Heatley wins face-off versus Vincent Lecavalier in Thrashers zone.
10:12 of 2nd period - Vincent Lecavalier is hit by Mike Komisarek and loses puck.
10:25 of 2nd period - Shot by Dany Heatley.
10:25 of 2nd period - Deflect By Justin Williams.
10:25 of 2nd period - Shot Misses the Net.
11:50 of 2nd period - Shot by Tim Taylor.
11:50 of 2nd period - Shot Blocked by Brett Clark.
11:52 of 2nd period - Shot by Jay Pandolfo.
11:52 of 2nd period - Shot Misses the Net.
11:54 of 2nd period - Shot by Cory Sarich.
11:54 of 2nd period - Stopped by Henrik Lundqvist with a rebound.
11:56 of 2nd period - Shot by Jay Pandolfo.
11:56 of 2nd period - Shot Misses the Net.
12:03 of 2nd period - Icing by Dan Boyle.
12:04 of 2nd period - Tim Taylor wins face-off versus Keith Tkachuk in Thrashers zone.
13:39 of 2nd period - Shot by Mats Sundin.
13:39 of 2nd period - Shot Misses the Net.
13:41 of 2nd period - Shot by Vaclav Prospal.
13:41 of 2nd period - Stopped by Henrik Lundqvist without a rebound.
13:42 of 2nd period - Vincent Lecavalier wins face-off versus Chris Kelly in Thrashers zone.
13:44 of 2nd period - Jason Blake is hit by Andy Sutton and loses puck.
13:57 of 2nd period - Shot by Chris Kelly.
13:57 of 2nd period - Stopped by Martin Gerber without a rebound.
13:58 of 2nd period - Keith Tkachuk wins face-off versus Mats Sundin in Lightning zone.
13:59 of 2nd period - Shot by Alexander Frolov.
13:59 of 2nd period - Shot Blocked by Nolan Pratt.
14:14 of 2nd period - Mats Sundin is hit by Brett Clark and loses puck.
15:02 of 2nd period - Icing by Jay Mcclement.
15:03 of 2nd period - Jay Mcclement wins face-off versus Vincent Lecavalier in Thrashers zone.
15:19 of 2nd period - Shot by Jay Mcclement.
15:19 of 2nd period - Stopped by Martin Gerber without a rebound.
15:20 of 2nd period - Patrick Marleau wins face-off versus Vincent Lecavalier in Lightning zone.
15:33 of 2nd period - Shot by Vincent Lecavalier.
15:33 of 2nd period - Deflect By Jason Blake.
15:33 of 2nd period - Stopped by Henrik Lundqvist without a rebound.
15:34 of 2nd period - Tim Taylor wins face-off versus Chris Kelly in Thrashers zone.
15:34 of 2nd period - Ruslan Fedotenko is hit by Mike Komisarek and loses puck.
15:49 of 2nd period - Shot by Ruslan Fedotenko.
15:49 of 2nd period - Stopped by Henrik Lundqvist without a rebound.
15:50 of 2nd period - Vincent Lecavalier wins face-off versus Patrick Marleau in Thrashers zone.
15:50 of 2nd period - Vincent Lecavalier is hit by Mike Komisarek.
15:55 of 2nd period - Icing by Justin Williams.
15:56 of 2nd period - Dany Heatley wins face-off versus Vincent Lecavalier in Thrashers zone.
16:05 of 2nd period - Shot by Justin Williams.
16:05 of 2nd period - Shot Misses the Net.
16:31 of 2nd period - Shot by Dany Heatley.
16:31 of 2nd period - Shot Misses the Net.
18:08 of 2nd period - Jay Pandolfo is hit by Dan Boyle and loses puck.
18:12 of 2nd period - Ruslan Fedotenko is hit by Brett Clark.
18:25 of 2nd period - Minor Penalty to Brett Clark for Hooking.
18:26 of 2nd period - Chris Kelly wins face-off versus Mats Sundin in Thrashers zone.
18:51 of 2nd period - Shot by Jaromir Jagr.
18:51 of 2nd period - Shot Misses the Net.
18:53 of 2nd period - Shot by Chris Phillips.
18:53 of 2nd period - Stopped by Henrik Lundqvist without a rebound.
18:54 of 2nd period - Jay Mcclement wins face-off versus Vincent Lecavalier in Thrashers zone.
19:07 of 2nd period - Shot by Jason Blake.
19:07 of 2nd period - Shot Blocked by Greg De Vries.
19:41 of 2nd period - Icing by Chris Phillips.
19:42 of 2nd period - Jaromir Jagr wins face-off versus Jay Mcclement in Lightning zone.
19:47 of 2nd period - Jay Mcclement is hit by Jaromir Jagr and loses puck.
19:56 of 2nd period - Shot by Jaromir Jagr.
19:56 of 2nd period - Shot Blocked by Greg De Vries.
19:58 of 2nd period - Shot by Chris Phillips.
19:58 of 2nd period - Stopped by Henrik Lundqvist with a rebound.

Period #3

0:01 of 3rd period - Chris Kelly wins face-off versus Mats Sundin in neutral zone.
0:16 of 3rd period - Shot by Vaclav Prospal.
0:16 of 3rd period - Stopped by Henrik Lundqvist without a rebound.
0:17 of 3rd period - Chris Kelly wins face-off versus Antti Laaksonen in Thrashers zone.
0:44 of 3rd period - Shot by Vincent Lecavalier.
0:44 of 3rd period - Stopped by Henrik Lundqvist without a rebound.
0:45 of 3rd period - Vincent Lecavalier wins face-off versus Patrick Marleau in Thrashers zone.
1:31 of 3rd period - Icing by Mike Komisarek.
1:32 of 3rd period - Tim Taylor wins face-off versus Dany Heatley in Thrashers zone.
1:57 of 3rd period - Icing by Dan Boyle.
1:58 of 3rd period - Keith Tkachuk wins face-off versus Vincent Lecavalier in Thrashers zone.
2:13 of 3rd period - Shot by Keith Tkachuk.
2:13 of 3rd period - Shot Misses the Net.
2:15 of 3rd period - Shot by David Backes.
2:15 of 3rd period - Deflect By Alexander Frolov.
2:15 of 3rd period - Shot Misses the Net.
3:11 of 3rd period - Dany Heatley is hit by Chris Phillips and loses puck.
3:25 of 3rd period - Eric Lindros is hit by Chris Kelly.
3:40 of 3rd period - Dany Heatley is hit by Nolan Pratt and loses puck.
3:52 of 3rd period - Mats Sundin is hit by Chris Kelly and loses puck.
4:10 of 3rd period - Shot by Mats Sundin.
4:10 of 3rd period - Stopped by Henrik Lundqvist with a rebound.
4:12 of 3rd period - Shot by Nolan Pratt.
4:12 of 3rd period - Stopped by Henrik Lundqvist without a rebound.
4:13 of 3rd period - Tim Taylor wins face-off versus Keith Tkachuk in Thrashers zone.
4:28 of 3rd period - Chris Phillips is hit by Keith Tkachuk and loses puck.
5:00 of 3rd period - Vincent Lecavalier is hit by Brendan Shanahan and loses puck.
5:11 of 3rd period - Shot by Keith Tkachuk.
5:11 of 3rd period - Stopped by Martin Gerber without a rebound.
5:12 of 3rd period - Jay Pandolfo wins face-off versus Jay Mcclement in Lightning zone.
5:12 of 3rd period - Jay Pandolfo is hit by Travis Moen.
5:28 of 3rd period - Shot by Mats Sundin.
5:28 of 3rd period - Shot Misses the Net.
5:32 of 3rd period - Shot by Mats Sundin.
5:32 of 3rd period - Deflect By Jaromir Jagr.
5:32 of 3rd period - Shot Misses the Net.
5:36 of 3rd period - Shot by Jaromir Jagr.
5:36 of 3rd period - Shot Misses the Net.
5:41 of 3rd period - Jay Pandolfo is hit by Brett Clark and loses puck.
5:55 of 3rd period - Minor Penalty to Travis Moen for Holding.
5:56 of 3rd period - Mats Sundin wins face-off versus Jay Mcclement in neutral zone.
6:44 of 3rd period - Icing by Tom Poti.
6:45 of 3rd period - Jason Blake wins face-off versus Keith Tkachuk in Lightning zone.
7:05 of 3rd period - Icing by Vincent Lecavalier.
7:06 of 3rd period - Alexander Frolov wins face-off versus Vincent Lecavalier in Lightning zone.
8:04 of 3rd period - Shot by Keith Tkachuk.
8:04 of 3rd period - Shot Misses the Net.
8:08 of 3rd period - Shot by Brendan Shanahan.
8:08 of 3rd period - Stopped by Martin Gerber without a rebound.
8:09 of 3rd period - Vincent Lecavalier wins face-off versus Keith Tkachuk in Lightning zone.
8:56 of 3rd period - Eric Lindros is hit by David Backes and loses puck.
10:06 of 3rd period - Shot by Vincent Lecavalier.
10:06 of 3rd period - Stopped by Henrik Lundqvist with a rebound.
10:08 of 3rd period - Shot by Vincent Lecavalier.
10:08 of 3rd period - Stopped by Henrik Lundqvist without a rebound.
10:09 of 3rd period - Tim Taylor wins face-off versus Keith Tkachuk in Thrashers zone.
10:55 of 3rd period - Icing by Brendan Shanahan.
10:56 of 3rd period - Vincent Lecavalier wins face-off versus Patrick Marleau in Thrashers zone.
11:09 of 3rd period - Shot by Vincent Lecavalier.
11:09 of 3rd period - Deflect By Jason Blake.
11:09 of 3rd period - Stopped by Henrik Lundqvist with a rebound.
11:11 of 3rd period - Shot by Vincent Lecavalier.
11:11 of 3rd period - Stopped by Henrik Lundqvist without a rebound.
11:12 of 3rd period - Mats Sundin wins face-off versus Chris Kelly in Thrashers zone.
11:22 of 3rd period - Icing by Wade Redden.
11:23 of 3rd period - Chris Kelly wins face-off versus Vincent Lecavalier in Thrashers zone.
11:47 of 3rd period - Off-side.
11:48 of 3rd period - Jaromir Jagr wins face-off versus Patrick Marleau in neutral zone.
13:38 of 3rd period - Shot by Dimitry Afanasenkov.
13:38 of 3rd period - Shot Blocked by Wade Redden.
13:52 of 3rd period - Shot by Dimitry Afanasenkov.
13:52 of 3rd period - Shot Misses the Net.
13:56 of 3rd period - Shot by Jaromir Jagr.
13:56 of 3rd period - Stopped by Henrik Lundqvist without a rebound.
13:57 of 3rd period - Vincent Lecavalier wins face-off versus Patrick Marleau in Thrashers zone.
14:27 of 3rd period - Icing by Jay Pandolfo.
14:28 of 3rd period - Vincent Lecavalier wins face-off versus Chris Kelly in Lightning zone.
14:40 of 3rd period - Shot by Brendan Shanahan.
14:40 of 3rd period - Shot Blocked by Mats Sundin.
14:43 of 3rd period - Icing by Vincent Lecavalier.
14:44 of 3rd period - Vincent Lecavalier wins face-off versus Patrick Marleau in Lightning zone.
14:44 of 3rd period - Vincent Lecavalier is hit by Justin Williams.
14:47 of 3rd period - Icing by Jason Blake.
14:48 of 3rd period - Vincent Lecavalier wins face-off versus Patrick Marleau in Lightning zone.
16:16 of 3rd period - Shot by Keith Tkachuk.
16:16 of 3rd period - Shot Misses the Net.
16:18 of 3rd period - Shot by Keith Tkachuk.
16:18 of 3rd period - Stopped by Martin Gerber without a rebound.
16:19 of 3rd period - Pierre Turgeon wins face-off versus Patrick Marleau in Lightning zone.
16:33 of 3rd period - Icing by Antti Laaksonen.
16:34 of 3rd period - Pierre Turgeon wins face-off versus Alexander Frolov in Lightning zone.
16:34 of 3rd period - Pierre Turgeon is hit by Travis Moen.
16:39 of 3rd period - Tom Poti is hit by Mike Komisarek and loses puck.
17:03 of 3rd period - Icing by Mike Komisarek.
17:04 of 3rd period - Alexander Frolov wins face-off versus Jaromir Jagr in Thrashers zone.
17:04 of 3rd period - Justin Williams is hit by Jaromir Jagr.
17:47 of 3rd period - Shot by Jaromir Jagr.
17:47 of 3rd period - Stopped by Henrik Lundqvist without a rebound.
17:48 of 3rd period - Mats Sundin wins face-off versus David Backes in Thrashers zone.
17:51 of 3rd period - Shot by Mats Sundin.
17:51 of 3rd period - Shot Misses the Net.
18:13 of 3rd period - Icing by Alexander Frolov.
18:14 of 3rd period - Vincent Lecavalier wins face-off versus David Backes in Thrashers zone.
18:18 of 3rd period - Minor Penalty to Dan Boyle for High sticking.
18:19 of 3rd period - Mats Sundin wins face-off versus Jay Mcclement in Thrashers zone.
18:22 of 3rd period - Shot by Mats Sundin.
18:22 of 3rd period - Deflect By Vaclav Prospal.
18:22 of 3rd period - Stopped by Henrik Lundqvist without a rebound.
18:23 of 3rd period - Mats Sundin wins face-off versus Chris Kelly in Thrashers zone.
18:29 of 3rd period - Minor Penalty to Mike Komisarek for Tripping.
18:30 of 3rd period - Vincent Lecavalier wins face-off versus Chris Kelly in Thrashers zone.
19:05 of 3rd period - Lightning, Martin Gerber is pulled from the net.
19:16 of 3rd period - Icing by Vaclav Prospal.
19:17 of 3rd period - Mats Sundin wins face-off versus Jay Mcclement in Lightning zone.
19:42 of 3rd period - Icing by Carlo Colaiacovo.
19:43 of 3rd period - Chris Kelly wins face-off versus Mats Sundin in Lightning zone.


Output by the SimonT Hockey Simulator (STHS) for Stephane Roy -- Original Page W3C XHTML 1.0 Valid